 Dungeon Crawl Stone Soup version 0.19-a0-1513-gf6d23ed (webtiles) character file.

32 TheGoonsmith the Cudgeler (level 3, 19/27 HPs)
             Began as a Demonspawn Gladiator on Sept 12, 2016.
             Quit the game on level 2 of the Dungeon.
             The game lasted 00:02:07 (638 turns).

TheGoonsmith the Cudgeler (Demonspawn Gladiator)     Turns: 638, Time: 00:02:07

Health: 19/27      AC:  5    Str: 16    XL:     3   Next: 8%
Magic:  3/3        EV: 12    Int:  9    God:
Gold:   58         SH:  0    Dex: 13    Spells: 0 memorised, 2 levels left

rFire  . . .     SeeInvis .     a - +0 flail
rCold  . . .     Gourm    .     b - +0 leather armour
rNeg   . . .     Faith    .     (no shield)
rPois  .         Spirit   .     c - +0 helmet
rElec  .         Dismiss  .     e - +0 cloak
rCorr  .         Reflect  .     (no gloves)
MR     .....     Harm     .     (no boots)
Stlth  ++........               (no amulet)
                                (no ring)
                                (no ring)

@: no status effects
A: hooves 1, nightstalker 1
a: no special abilities


You were on level 2 of the Dungeon.
You were not hungry.

You visited 1 branch of the dungeon, and saw 2 of its levels.

You collected 58 gold pieces.

Inventory:

Hand Weapons
 a - a +0 flail (weapon)
Missiles
 d - 3 throwing nets (quivered)
Armour
 b - a +0 leather armour (worn)
 c - a +0 helmet (worn)
 e - a +0 cloak (worn)
Jewellery
 l - an uncursed ring of see invisible {unknown}
 o - an uncursed amulet of magic regeneration {unknown}
 q - an uncursed ring of protection from fire {unknown}
Scrolls
 g - a scroll of blinking {unknown}
 i - a scroll of enchant armour {unknown}
 j - 3 scrolls of remove curse {unknown}
Potions
 h - a potion of degeneration {unknown}
 k - a potion of mutation {unknown}
 m - 2 potions of invisibility {unknown}
 n - a potion of curing {unknown}
Comestibles
 f - a bread ration
 p - a royal jelly


   Skills:
 - Level 2.0 Fighting
 + Level 3.9 Maces & Flails
 - Level 1.7 Throwing
 - Level 2.6 Dodging


You had 2 spell levels left.
You didn't know any spells.

Dungeon Overview and Level Annotations

Branches:
Dungeon (2/15)

Altars:


Innate Abilities, Weirdness & Mutations

You have large cloven feet.
You are slightly more attuned to the shadows.


Message History

The kobold barely misses you.
You closely miss the kobold. You kick the kobold, but do no damage.
The kobold barely misses you. The kobold misses you.
You hit the kobold but do no damage. Your kick misses the kobold.
The kobold misses you.
You miss the kobold. Your kick misses the kobold.
The kobold hits you but does no damage.
You hit the kobold.
You kill the kobold!
You hit the dart slug.
You kick the dart slug, but do no damage.
The dart slug is moderately wounded.
The dart slug closely misses you.
You sock the dart slug!
You kill the dart slug!
No target in view!
You start resting.
Things that are here:
a short sword; a dart slug corpse; a kobold corpse Are you sure you want to abandon this character and quit the game? (Confirm with "yes".)

.. #. .. #.
#.##. #....
#.... #....
#...###########
#....@(.#.....#
##..###(#.###.#
#.( #...# #.#
...>
#######.#####.
....#
#####..........#
......
#........#######
..<...
#........#
!#####
#....<...#
#........#


There were no monsters in sight!

Vanquished Creatures
  An ooze (D:1)
  A dart slug (D:2)
  A giant gecko (D:1)
  2 giant cockroaches (D:1)
  A goblin (D:1)
  2 hobgoblins (D:1)
  5 kobolds
  A quokka (D:2)
  6 bats (D:1)
  A giant newt (D:1)
  5 rats (D:1)
26 creatures vanquished.

Notes
Turn   | Place    | Note
-------+----------+-------------------------------------------
     0 | D:1      | TheGoonsmith the Demonspawn Gladiator began the quest for the Orb.
     0 | D:1      | Reached XP level 1. HP: 16/16 MP: 1/1
    62 | D:1      | Reached skill level 3 in Maces & Flails
   104 | D:1      | Gained mutation: You have large cloven feet. [demonic ancestry]
   104 | D:1      | Reached XP level 2. HP: 18/22 MP: 2/2
   601 | D:2      | Gained mutation: You are slightly more attuned to the shadows. [demonic ancestry]
   601 | D:2      | Reached XP level 3. HP: 16/27 MP: 3/3
   638 | D:2      | Quit the game

Vault maps used:
D:1:      dpeg_arrival_fog, minivault_23
D:2:      roderic_serpentine_path, uniq_sigmund

Skill      XL: |  1 |
---------------+----+-----
Maces & Flails | 3 |  3.9
Fighting       | |  2.0
Throwing       | |  1.7
Dodging        | |  2.6

Action                   || total
-------------------------++-------
Melee: Flail             ||    85
       Kick              ||    16
Armor: Leather armour    ||    46
Dodge: Dodged            ||    82
